 Dungeon Crawl Stone Soup version 0.18-a0-2-g0e512fa (webtiles) character file.

107787 Hanibal the Warrior (level 16, -8/136 HPs)
             Began as a Minotaur Fighter on Oct 31, 2015.
             Was the Champion of the Shining One.
             Mangled by a hell hog (11 damage)
             ... while paralysed
             ... on level 2 of the Abyss.
             The game lasted 01:24:49 (32275 turns).

Hanibal the Warrior (Minotaur Fighter)             Turns: 32275, Time: 01:24:49

Health: -8/136     AC: 17    Str: 33    XL:     16   Next: 1%
Magic:  11/21      EV:  2    Int: -3 (1) God:    the Shining One [******]
Gold:   1409       SH:  0    Dex: 13    Spells: 0 memorised, 15 levels left

rFire  . . .     SeeInvis .     P - +4 eveningstar (protect)
rCold  + . .     Clarity  .     h - +3 leather armour "Jeraz" {-Cast rC+ rCorr Str+6}
rNeg   + + +     SustAt   .     R - +6 buckler of Hysteria {rElec rCorr Str-3}
rPois  .         Gourm    .     (helmet restricted)
rElec  +         Spirit   .     L - +0 cloak
rCorr  +         Warding  .     U - +2 pair of gloves {Str+3}
rMut   .         Stasis   .     J - +0 pair of boots
MR     +....     NoCast   +     (no amulet)
Stlth  +.........               M - +6 ring of strength
                                G - +3 ring of evasion

@: paralysed, divine shield, non-regenerating, badly diseased, slowed, lost
intelligence, glowing, somewhat resistant to hostile enchantments, very
unstealthy
A: retaliatory headbutt, horns 2, clumsy 1, deformed body, dopey 2, frail 1,
weak 1
a: Divine Shield, Cleansing Flame, Summon Divine Warrior, Brand Weapon With Holy
Wrath, Renounce Religion


You were on level 2 of the Abyss.
You worshipped the Shining One.
The Shining One was exalted by your worship.
You were hungry.

You visited 4 branches of the dungeon, and saw 28 of its levels.
You visited the Abyss 2 times.
You also visited: Labyrinth.

You collected 2828 gold pieces.
You spent 1419 gold pieces at shops.

Inventory:

Hand Weapons
 j - a +2 whip of electrocution
 y - the +1 eveningstar "Qeudereuro" {distort, rC+ Str+10 Int-2}
   (You acquired it in a labyrinth)

   It warps and distorts space around it.
   Unwielding it can cause banishment or high damage.
   It affects your strength (+10).
   It affects your intelligence (-2).
   It protects you from cold.
 P - a +4 eveningstar of protection (weapon)
 V - a +2 demon whip
Armour
 c - a +2 ring mail of cold resistance
 h - the +3 leather armour "Jeraz" (worn) {-Cast rC+ rCorr Str+6}
   (You found it on level 4 of the Dungeon)

   It affects your strength (+6).
   It protects you from cold.
   It prevents spellcasting.
   It protects you from acid and corrosion.
 J - a +0 pair of boots (worn)
 L - a +0 cloak (worn)
 R - the +6 buckler of Hysteria (worn) {rElec rCorr Str-3}
   (You took it off a wight on level 8 of the Dungeon)

   It affects your strength (-3).
   It insulates you from electricity.
   It protects you from acid and corrosion.
 U - a +2 pair of gloves of strength (worn)
Jewellery
 f - the ring "Pomass" {rC+ Str+3 Int-4}
   (You found it on level 12 of the Dungeon)

   [ring of protection from cold]

   It affects your strength (+3).
   It affects your intelligence (-4).
   It protects you from cold.
 r - an uncursed ring of flight
 x - the ring "Xiguemo" {+Inv rF+ Str+3 Int+4 SInv, unknown}
   (You took it off a minotaur in a labyrinth)

   [ring of intelligence]

   It affects your strength (+3).
   It affects your intelligence (+4).
   It protects you from fire.
   It lets you see invisible.
   It lets you turn invisible.
 C - an uncursed amulet of regeneration
 D - the ring "Witux" {rElec MR+}
   (You bought it in a shop on level 4 of the Orcish Mines)

   [ring of protection from magic]

   It insulates you from electricity.
   It affects your resistance to hostile enchantments.
 G - a +3 ring of evasion (left hand)
 M - a +6 ring of strength (right hand)
 Y - an uncursed amulet of the gourmand {unknown}
Wands
 z - a wand of cold (7)
 B - a wand of digging (13)
 E - a wand of disintegration (13)
 I - a wand of digging (6)
 K - a wand of frost (13)
Scrolls
 b - a scroll of silence
 g - 4 scrolls of identify
 m - 4 scrolls of fear
 o - 13 scrolls of remove curse
 p - 16 scrolls of teleportation
 s - 5 scrolls of recharging
 u - 2 scrolls of fog
 A - a scroll of summoning
 F - 3 scrolls of blinking
 O - a scroll of enchant armour
 Z - a scroll of magic mapping
Potions
 d - 3 potions of cancellation
 n - 3 potions of agility
 t - 9 potions of curing
 v - 2 potions of flight
 w - a potion of cure mutation
 H - a potion of berserk rage
 N - 2 potions of haste {unknown}
 Q - a potion of resistance {unknown}
 W - a potion of might
Miscellaneous
 k - a phantom mirror
Comestibles
 a - a royal jelly
 e - 14 bread rations
 i - 9 beef jerkies
 l - 23 fruits
 q - 7 meat rations


   Skills:
 + Level 16.6 Fighting
 + Level 16.4 Maces & Flails
 - Level 11.4 Armour
 + Level 12.4 Dodging
 - Level 15.1 Shields
 + Level 8.4 Invocations


You had 15 spell levels left.
You didn't know any spells.

Dungeon Overview and Level Annotations

Branches:
Dungeon (15/15)            Temple (1/1) D:6            Lair (8/8) D:10
  Swamp (0/4) Lair:3        Snake (0/4) Lair:6        Slime (0/6) Lair:8
    Orc (4/4) D:11            Elf (0/3) Orc:4        Vaults (0/5) D:13
 Depths (0/5) D:15

Altars:
Ashenzari
Cheibriados
Dithmenos
Elyvilon
Fedhas
Gozag
Kikubaaqudgha
Makhleb
Nemelex Xobeh
Okawaru
Qazlal
Ru
Sif Muna
Trog
Vehumet
Xom
Yredelemnul
Zin
The Shining One
Jiyva

Shops:
Orc:4 (!?=


Innate Abilities, Weirdness & Mutations

You reflexively headbutt those who attack you in melee.
You have a pair of horns on your head.
You are clumsy. (Dex -2)
Armour fits poorly on your strangely shaped body.
[You are very dopey. (Int -4)]
[You are frail (-10% HP).]
[You are weak. (Str -2)]


Message History

The starspawn's tentacles wither and die.
You have reached level 16!
You feel agile.
You feel the corruption within you wane somewhat.
Your magic regains its normal vibrancy.
You feel agile.
The hell hog bites you but does no damage.
The shadow imp gestures at you. Pain shoots through your body!
* * * LOW HITPOINT WARNING * * *
The neqoxec gestures at you.
You feel dopey. Something feeds on your intellect!
Your angel hits the ancient zyme with a whip of holy wrath. x2
The raiju barely misses you. The ancient zyme hits you.
* * * LOW HITPOINT WARNING * * *
The ancient zyme hits you but does no damage.
The crimson imp disappears in a puff of smoke!
Your angel burns!
The hell hog bites you!
You die...

..............
...........ยง. . .
............ w.
........... . ...
............ ....
#.5A...# .
.....##..x3..##...
. .......@55.......
.......h.h........
. ................
.....x...........
.................
...................
...$.............
................. .
. .. ...... .... .


You could see a hell hog, an ancient zyme, a raiju, a neqoxec, a small
abomination, a quasit, a shadow imp, an ufetubus and a friendly angel (burning).

Vanquished Creatures
  A profane servitor (Abyss:1)
  A tentacled starspawn (Abyss:1)
  Frances (D:14)
  An azure jelly (Lair:8)
  The ghost of Frontstab the Unseen, an adept OpBe of Trog (D:12)
  A reaper (Abyss:1)
  A lorocyproca (Abyss:1)
  A minotaur (Lab)
  The ghost of bezhaha the Hand of Fortune, a journeyman DsAr of Nemelex Xobeh (D:12)
  The ghost of clown the Carver, a journeyman MiBe of Trog (D:10)
  A quicksilver dragon skeleton (Abyss:1)
  Harold (Orc:1)
  5 hydras
  2 catoblepae (Lair:8)
  A deep troll shaman (Lair:8)
  2 centaur warriors (D:13)
  A dancing weapon (Abyss:2)
  The ghost of timez0r the Bludgeoner, a novice MiBe of Trog (D:10)
  A queen ant (Lair:3)
  A hell hog (Abyss:2)
  10 death yaks (Lair:8)
  The ghost of tosh the Basher, a novice GrFi of the Shining One (D:9)
  A wretched star (Abyss:2)
  An unseen horror (D:12)
  2 starcursed masses (Abyss:2)
  2 lindwurms
  A deep elf conjurer (D:15)
  A wizard (D:15)
  7 hill giants
  A griffon (Lair:4)
  2 orc knights (Orc:4)
  An oklob plant (Lair:6)
  4 cyclopes
  2 ugly things (D:11)
  2 orc sorcerers
  2 necromancers (D:13)
  4 manticores
  13 elephants
  3 black mambas
  A sixfirhy (Abyss:2)
  An ice statue (D:12)
  Psyche (D:9)
  10 spiny frogs
  A kobold demonologist (D:14)
  A naga mage (D:15)
  A torpor snail (Lair:3)
  An efreet (Abyss:2)
  7 komodo dragons
  An orange demon (Abyss:2)
  A spiny frog (shapeshifter) (D:13)
  5 large abominations
  2 fire drakes
  A freezing wraith (Abyss:2)
  A two-headed ogre (D:13)
  6 polar bears
  8 trolls
  A tengu conjurer (D:14)
  7 raiju
  Prince Ribbit (D:6)
  A trapdoor spider zombie (D:13)
  19 blink frogs
  A wraith (D:11)
  5 shadows
  The ghost of aves the Cudgeler, an amateur VSFi (D:4)
  3 deep elf magi
  7 vampire mosquitoes
  A chaos spawn (Abyss:1)
  33 yaks
  A ynoxinul (Abyss:1)
  2 hungry ghosts
  16 hippogriffs
  3 deep elf fighters (D:15)
  A flying skull (Abyss:2)
  Grum (Lair:1)
  3 basilisks
  A wyvern (Lair:4)
  A fire elemental (Abyss:2)
  2 humans (D:10)
  A neqoxec (Abyss:2)
  15 wolves
  The ghost of twist the Chopper, an amateur DgFi (D:3)
  Menkaure (D:4)
  A mottled dragon (D:11)
  6 swamp worms (Lair:3)
  A steam dragon (D:12)
  5 small abominations
  8 soldier ants
  3 nagas (Lair:6)
  The ghost of ZlagarX the Conjurer, an amateur VSCj (D:3)
  Duvessa (D:7)
  7 ice beasts
  2 wasps
  13 porcupines
  2 eyes of draining
  14 water moccasins
  2 black bears
  3 sky beasts
  16 ogres
  28 centaurs
  22 crocodiles
  2 necrophages
  A phantom (D:9)
  The ghost of Crag the Sneak, an amateur HuAs of Okawaru (D:4)
  31 orc warriors
  Blork the orc (D:5)
  5 big kobolds
  16 giant frogs
  Dowan (D:7)
  2 wyvern skeletons
  3 scorpions
  19 killer bees
  5 wights (D:8)
  2 electric eels
  A vampire bat (D:7)
  7 jellies
  7 crimson imps
  2 quasits (Abyss:2)
  3 giant frog zombies
  19 orc priests
  2 centaur zombies
  2 giant frog skeletons
  16 orc wizards
  7 centaur skeletons
  9 hounds
  41 worker ants
  10 iguanas
  43 sheep
  2 centaur simulacra (D:8)
  A hound zombie (D:6)
  2 hound skeletons
  Robin (D:4)
  13 adders
  94 river rats
  21 gnolls
  3 worker ant zombies
  4 shadow imps
  4 white imps
  A worker ant simulacrum (D:8)
  3 ufetubi (D:8)
  An ooze (D:3)
  6 worms
  An adder skeleton (D:6)
  7 giant geckos
  180 orcs
  A ball python (D:1)
  5 bats
  2 bat skeletons (D:7)
  4 bat zombies (D:7)
  6 giant cockroaches
  38 hobgoblins
  16 jackals
  22 kobolds
  A giant gecko simulacrum (D:8)
  A giant gecko skeleton (D:5)
  A giant gecko zombie (D:6)
  5 giant newts
  43 goblins
  A jackal simulacrum (D:8)
  2 jackal skeletons
  A jackal zombie (D:6)
  7 quokkas
  2 quokka zombies
  6 rats
  3 lurking horrors
1168 creatures vanquished.

Vanquished Creatures (collateral kills)
  A tentacled starspawn (Abyss:2)
  A hell hog (Abyss:2)
  A freezing wraith (Abyss:2)
  A starspawn tentacle (Abyss:2)
4 creatures vanquished.

Vanquished Creatures (others)
  13 fungi
  5 plants
  8 starspawn tentacles
  44 starspawn tentacle segments (Abyss:2)
70 creatures vanquished.

Grand Total: 1242 creatures vanquished

Notes
Turn   | Place    | Note
--------------------------------------------------------------
     0 | D:1      | Hanibal the Minotaur Fighter began the quest for the Orb.
     0 | D:1      | Reached XP level 1. HP: 19/19 MP: 0/0
    41 | D:1      | Reached XP level 2. HP: 27/27 MP: 1/1
   155 | D:1      | Reached skill level 4 in Armour
   252 | D:1      | Reached XP level 3. HP: 33/33 MP: 2/2
  1326 | D:2      | Reached XP level 4. HP: 33/40 MP: 3/3
  1662 | D:3      | Noticed ZlagarX's ghost (amateur VSCj)
  1673 | D:3      | Killed ZlagarX's ghost
  1673 | D:3      | Reached XP level 5. HP: 37/47 MP: 4/4
  1792 | D:3      | Reached skill level 5 in Armour
  1885 | D:3      | Noticed twist's ghost (amateur DgFi)
  1893 | D:3      | Killed twist's ghost
  1893 | D:3      | Reached skill level 5 in Fighting
  1893 | D:3      | Reached skill level 5 in Shields
  1893 | D:3      | Reached XP level 6. HP: 35/56 MP: 5/5
  3089 | D:4      | Noticed Menkaure
  3094 | D:4      | Killed Menkaure
  3094 | D:4      | Reached skill level 5 in Maces & Flails
  3094 | D:4      | Reached skill level 6 in Armour
  3094 | D:4      | Reached XP level 7. HP: 59/62 MP: 6/6
  3105 | D:4      | Noticed Robin
  3121 | D:4      | Killed Robin
  3176 | D:4      | Noticed aves's ghost (amateur VSFi)
  3209 | D:4      | Noticed Crag's ghost (amateur HuAs)
  3230 | D:4      | Killed Crag's ghost
  3292 | D:4      | Killed aves's ghost
  3536 | D:4      | Got a faintly humming leather armour
  3547 | D:4      | Identified the +3 leather armour "Jeraz" {-Cast rC+ rCorr Str+6} (You found it on level 4 of the Dungeon)
  3839 | D:4      | Reached XP level 8. HP: 46/71 MP: 7/7
  4018 | D:4      | Reached skill level 7 in Armour
  4672 | D:5      | Entered Level 5 of the Dungeon
  4702 | D:5      | Found a burning altar of Makhleb.
  4820 | D:5      | Found a sacrificial altar of Ru.
  5091 | D:5      | Noticed Blork the orc
  5098 | D:5      | Killed Blork the orc
  5455 | D:6      | Paralysed by a wasp for 1 turns
  5756 | D:6      | Reached skill level 8 in Armour
  5799 | D:6      | Reached XP level 9. HP: 72/80 MP: 8/8
  5883 | D:6      | Found a basalt altar of Yredelemnul.
  5957 | D:6      | Found an opulent altar of Gozag.
  6101 | D:6      | Noticed Prince Ribbit
  6113 | D:6      | Killed Prince Ribbit
  6247 | D:6      | Found a snail-covered altar of Cheibriados.
  6327 | D:6      | Found a staircase to the Ecumenical Temple.
  6340 | Temple   | Entered the Ecumenical Temple
  6363 | Temple   | Became a worshipper of the Shining One
  6847 | D:7      | Found an ancient bone altar of Kikubaaqudgha.
  6847 | D:7      | Reached * piety under the Shining One
  6870 | D:7      | Found a white marble altar of Elyvilon.
  6974 | D:7      | Noticed Duvessa
  6975 | D:7      | Noticed Dowan
  6985 | D:7      | Killed Duvessa
  6994 | D:7      | Killed Dowan
  7390 | D:7      | Found a shadowy altar of Dithmenos.
  7390 | D:7      | Found a shimmering altar of Xom.
  7481 | D:7      | Reached skill level 9 in Armour
  8194 | D:8      | Reached ** piety under the Shining One
  8197 | D:8      | Reached XP level 10. HP: 79/90 MP: 9/9
  8253 | D:8      | Got an ancient buckler
  8720 | D:8      | Identified the +6 buckler of Hysteria {rElec rCorr Str-3} (You took it off a wight on level 8 of the Dungeon)
  8746 | D:8      | Reached skill level 10 in Armour
  8829 | D:8      | Reached *** piety under the Shining One
  9048 | D:8      | Reached skill level 10 in Fighting
  9384 | D:9      | Reached skill level 10 in Shields
  9400 | D:9      | Noticed Psyche
  9410 | D:9      | Killed Psyche
  9410 | D:9      | Reached skill level 10 in Maces & Flails
  9721 | D:9      | Noticed tosh's ghost (novice GrFi)
  9769 | D:9      | Killed tosh's ghost
 10051 | D:9      | Found a shadowy altar of Dithmenos.
 10522 | D:10     | Entered Level 10 of the Dungeon
 10553 | D:10     | Reached XP level 11. HP: 81/101 MP: 10/10
 10557 | D:10     | Noticed timez0r's ghost (novice MiBe)
 10569 | D:10     | Killed timez0r's ghost
 10569 | D:10     | Reached skill level 11 in Armour
 10594 | D:10     | Noticed a hill giant
 10732 | D:10     | Killed a hill giant
 10963 | D:10     | Noticed clown's ghost (journeyman MiBe)
 10996 | D:10     | Killed clown's ghost
 11490 | D:10     | Reached **** piety under the Shining One
 11839 | D:10     | Found a staircase to the Lair.
 11897 | D:10     | Found an iron altar of Okawaru.
 12054 | D:10     | Noticed a hill giant
 12060 | D:10     | Killed a hill giant
 12678 | D:11     | Reached skill level 1 in Dodging
 13061 | Lair:1   | Entered Level 1 of the Lair of Beasts
 13249 | Lair:1   | Found a shadowy altar of Dithmenos.
 13402 | Lair:1   | Noticed Grum
 13410 | Lair:1   | Killed Grum
 14199 | Lair:1   | Noticed a hill giant
 14203 | Lair:1   | Killed a hill giant
 14611 | D:11     | Reached skill level 12 in Fighting
 14611 | D:11     | Reached XP level 12. HP: 70/112 MP: 7/11
 15044 | D:11     | Found a staircase to the Orcish Mines.
 15110 | D:11     | Noticed a hill giant
 15117 | D:11     | Killed a hill giant
 15132 | D:11     | Reached skill level 5 in Dodging
 15852 | Lair:2   | Noticed a five-headed hydra
 15858 | Lair:2   | Killed a five-headed hydra
 17153 | Lair:3   | Reached skill level 13 in Fighting
 17609 | Lair:3   | Reached ***** piety under the Shining One
 18136 | Lair:3   | Found a staircase to the Swamp.
 18147 | Lair:3   | Reached XP level 13. HP: 103/122 MP: 9/12
 20117 | Lair:6   | Found a staircase to the Snake Pit.
 20655 | Lair:6   | Reached skill level 14 in Shields
 21737 | Lair:7   | Reached skill level 1 in Invocations
 22460 | Lair:8   | Entered Level 8 of the Lair of Beasts
 22782 | Lair:8   | Found a viscous altar of Jiyva.
 22782 | Lair:8   | Found a staircase to the Slime Pits.
 22805 | Lair:8   | Reached XP level 14. HP: 112/133 MP: 11/14
 23786 | Lair:8   | Noticed an azure jelly
 23803 | Lair:8   | Killed an azure jelly
 24326 | Lair:8   | Reached skill level 10 in Dodging
 24342 | Lair:8   | Reached skill level 15 in Shields
 24344 | Lair:8   | HP: 6/133 [death yak (24)]
 24777 | Lair:7   | Reached skill level 15 in Fighting
 25127 | Lair:8   | Reached skill level 5 in Invocations
 25632 | Lair:1   | Identified a scroll of acquirement
 25633 | Lair:1   | Got a dazzling cloak
 25644 | Lair:1   | Identified the -2 cloak of Broken Taboos {*Confuse +Blink Dex+3 Stlth+} (You acquired it on level 1 of the Lair of Beasts)
 25732 | Orc:1    | Entered Level 1 of the Orcish Mines
 25933 | Orc:1    | Reached skill level 15 in Maces & Flails
 26236 | Orc:2    | Noticed Harold
 26257 | Orc:1    | Killed Harold
 27078 | Orc:4    | Entered Level 4 of the Orcish Mines
 27772 | Orc:4    | Found a staircase to the Elven Halls.
 28006 | Orc:4    | Found Tigut's Distillery.
 28006 | Orc:4    | Found Ehinacuz's Magic Scroll Boutique.
 28008 | Orc:4    | Found Uwnog's Jewellery Shop.
 28012 | Orc:4    | Found Yguzyu's Antique Weapon Emporium.
 28019 | Orc:4    | Bought 2 scrolls of identify for 52 gold pieces
 28032 | Orc:4    | Bought a scroll of teleportation for 39 gold pieces
 28032 | Orc:4    | Bought a scroll of identify for 26 gold pieces
 28032 | Orc:4    | Bought a scroll of fog for 26 gold pieces
 28032 | Orc:4    | Bought a scroll of identify for 26 gold pieces
 28032 | Orc:4    | Bought a scroll of brand weapon for 260 gold pieces
 28034 | Orc:4    | Bought an uncursed amulet of regeneration for 330 gold pieces
 28034 | Orc:4    | Bought the ring "Witux" {rElec MR+} for 429 gold pieces
 28034 | Orc:4    | Bought a +3 ring of evasion for 231 gold pieces
 28344 | D:12     | Reached ****** piety under the Shining One
 28399 | D:12     | Reached XP level 15. HP: 112/141 MP: 18/18
 28403 | D:12     | Got a scorched jade ring
 28408 | D:12     | Identified the ring "Pomass" {rC+ Str+3 Int-4} (You found it on level 12 of the Dungeon)
 28669 | D:12     | Noticed Frontstab's ghost (adept OpBe)
 28690 | D:12     | Killed Frontstab's ghost
 28778 | D:12     | Found an opulent altar of Gozag.
 28901 | D:12     | Noticed bezhaha's ghost (journeyman DsAr)
 28947 | D:12     | Killed bezhaha's ghost
 29482 | D:13     | Found a radiant altar of Vehumet.
 29609 | D:13     | Found a gate to the Vaults.
 30434 | D:14     | Noticed Frances
 30449 | D:14     | Killed Frances
 30449 | D:14     | Reached skill level 16 in Fighting
 30544 | D:15     | Entered Level 15 of the Dungeon
 30557 | D:15     | Found a labyrinth entrance.
 30566 | Lab      | Entered a labyrinth
 31171 | Lab      | Got a bound jade ring
 31177 | Lab      | Identified the Volume of Evil Arts and Flight
 31181 | Lab      | Identified the Catalogue of the Voyage
 31186 | Lab      | Identified Siblolywi's Papyrus of Excruciating Stones
 31206 | Lab      | Got a brightly glowing eveningstar
 31207 | Lab      | Identified the +1 eveningstar "Qeudereuro" {distort, rC+ Str+10 Int-2} (You acquired it in a labyrinth)
 31211 | Lab      | Cast into the Abyss (a distortion unwield)
 31259 | Abyss:1  | Noticed a tentacled starspawn
 31303 | Abyss:1  | Killed a tentacled starspawn
 31322 | Abyss:1  | Found a corrupted altar of Lugonu.
 31418 | Abyss:1  | Noticed a profane servitor
 31441 | Abyss:1  | Killed a profane servitor
 31564 | Lab      | Escaped the Abyss
 31917 | D:15     | Cast into the Abyss (an ogre mage)
 31937 | Abyss:1  | Found a corrupted altar of Lugonu.
 32255 | Abyss:2  | Noticed a tentacled starspawn
 32258 | Abyss:2  | Gained mutation: You are very clumsy. (Dex -4) [a neqoxec]
 32271 | Abyss:2  | Gained mutation: Armour fits poorly on your strangely shaped body. [a neqoxec]
 32273 | Abyss:2  | Lost intelligence.
 32274 | Abyss:2  | Killed a tentacled starspawn
 32274 | Abyss:2  | Reached XP level 16. HP: 13/136 MP: 10/21
 32274 | Abyss:2  | HP: 3/136 [ancient zyme (4)]
 32275 | Abyss:2  | Mangled by a hell hog

Vault maps used:
D:1:      dpeg_arrival_rooms_b, st_stairs_3, minmay_misc_feat_more_columns
D:2:      first_bread, grunt_ministairs_11
D:3:      st_stairs_11
D:4:      minmay_goblin_kobold_castle, uniq_robin, uniq_menkaure
D:5:      hangedman_ru_absence, kennysheep_mini, uniq_blork_the_orc
D:6:      kennysheep_mini_moat, nicolae_gozag_seed_capital, temple_green,
          cheibrodos_worm_habitat, uniq_prince_ribbit1
D:7:      kennysheep_vampire_church, gammafunk_temple_overflow_statue,
          zaba_anthole, grunt_ogre_cave, abandoned_shop,
          hangedman_abyss_or_decor_lesser_grid, elyvilon_altar_1, uniq_duvessa
D:8:      serial_ice, serial_ice_l, serial_ice_n, serial_ice_d, serial_ice_a,
          serial_ice_e, serial_ice_g, serial_ice_b, serial_ice_o,
          hangedman_abyss_or_decor_stagger, minmay_bad_closet,
          serial_park_tiny_1, minivault_24, kennysheep_generic_room_12
D:9:      grunt_dithmenos_smoke, uniq_psyche
D:10:     lair_0_dummy, okawaru_humans
D:11:     david_orc_4
D:12:     basic_altar, hangedman_decor_points, minivault_15
D:13:     david_vaults_1, basic_altar, roderic_roman_lattice,
          lemuel_another_geyser
D:14:     minmay_item_behind_shaft, kennysheep_nondescript, uniq_frances
D:15:     grunt_enter_depths_magical_seal, roderic_bali_sauvastika,
          lab_entry_generic, amalloy_card_club
Temple:   triangle_lava_temple_11
Lair:1:   basic_altar, uniq_grum
Lair:3:   nicolae_swamp_entry_splash_gauntlet, minmay_holes, zaba_antful_of_joy,
          infiniplex_staircase_pool_2, lemuel_fruit_fields
Lair:4:   beast_lair_carwin_8, lemuel_fruit_tree
Lair:6:   guppyfry_snake_entry_island
Lair:7:   grunt_megastairs_4
Lair:8:   grunt_lair_end_beastmaster, slime_altar_1
Orc:2:    uniq_harold
Orc:3:    nicolae_orc_pool_cavern
Orc:4:    st_orc_rangers, nicolae_orc_flooded_monolith,
          nicolae_orc_sculptors_studio
Abyss:2:  hangedman_steaming_rock, hangedman_abyss_or_decor_passed,
          hangedman_abyss_or_decor_slice
Lab:      nicolae_lab_dead_adventurers, nicolae_lab_blocks,
          nicolae_lab_very_dead_end, nicolae_lab_big_swirl, nicolae_lab_statue,
          nicolae_lab_swirl

Action                   |  1- 3 |  4- 6 |  7- 9 | 10-12 | 13-15 | 16-18 || total
-------------------------+-------+-------+-------+-------+-------+-------++-------
Melee: Flail             |   111 |    95 |   458 |   511 |       |       ||  1175
       Whip              |       |       |       |   422 |  1722 |       ||  2144
       Eveningstar       |       |       |       |       |   189 |       ||   189
Invok: Divine Shield     |       |       |       |     3 |     8 |       ||    11
       Summon Divine War |       |       |       |       |     1 |       ||     1
  Use: Potion            |       |       |     4 |    15 |     7 |       ||    26
       Scroll            |       |       |     2 |    10 |    26 |       ||    38
 Stab: Petrifying        |       |       |       |       |     2 |       ||     2
       Petrified         |       |       |       |       |     2 |       ||     2
  Eat: Chunk             |       |     7 |    12 |    25 |    32 |       ||    76
       Fruit             |       |       |     4 |     6 |     8 |       ||    18
       Meat ration       |       |       |       |     1 |       |       ||     1
       Beef jerky        |       |       |       |       |     2 |       ||     2
       Pizza             |       |       |       |       |     2 |       ||     2
